 Dungeon Crawl Stone Soup version 0.21-a0-2-ge494091 (webtiles) character file.

100 Naow the Firebug (level 4, -3/27 HPs)
             Began as an Octopode Fire Elementalist on May 22, 2017.
             Killed from afar by Lexie's ghost (15 damage)
             ... with a puff of flame
             ... on level 3 of the Dungeon.
             The game lasted 00:02:47 (2391 turns).

Naow the Firebug (Octopode Fire Elementalist)       Turns: 2391, Time: 00:02:48

Health: -3/27      AC:  1    Str:  7    XL:     4   Next: 73%
Magic:  5/8        EV: 13    Int: 18    God:
Gold:   98         SH:  0    Dex: 12    Spells: 8/9 levels left

rFire    . . .     SeeInvis .   i - +0 dagger
rCold    . . .     Gourm    .   (no shield)
rNeg     . . .     Faith    .   (helmet restricted)
rPois    .         Spirit   .   (no amulet)
rElec    .         Reflect  .   (no ring)
rCorr    .         Harm     .   (no ring)
MR       .....                  (no ring)
Stlth    +++.......             (no ring)
Regen    0.1/turn               (no ring)
MPRegen  0.2/turn               (no ring)
                                (no ring)
                                (no ring)

@: no status effects
A: almost no armour, stealthy swim, amphibious, 8 rings, constrict 8, camouflage
1, gelatinous body 1
a: no special abilities


You were on level 3 of the Dungeon.
You were not hungry.

You visited 1 branch of the dungeon, and saw 3 of its levels.

You collected 98 gold pieces.

Inventory:

Hand Weapons
 i - a +0 dagger (weapon)
Scrolls
 e - a scroll of magic mapping {unknown}
 h - a scroll of teleportation {unknown}
 j - a scroll of remove curse {unknown}
 k - 2 scrolls of identify {unknown}
 l - a scroll of enchant armour {unknown}
 o - a scroll of fear {unknown}
Potions
 c - a potion of flight {unknown}
 g - a potion of brilliance {unknown}
 n - a potion of haste {unknown}
 p - a potion of agility {unknown}
Books
 a - a book of Flames

   Spells                             Type                      Level
   a - Flame Tongue                   Conjuration/Fire             1
   b - Throw Flame                    Conjuration/Fire             2
   c - Conjure Flame                  Conjuration/Fire             3
   d - Inner Flame                    Hexes/Fire                   3
   e - Sticky Flame                   Conjuration/Fire             4
   f - Fireball                       Conjuration/Fire             5
Comestibles
 b - 2 bread rations
 d - a meat ration
 f - 3 fruits
 m - 2 royal jellies
 q - a chunk of flesh


   Skills:
 - Level 2.0 Dodging
 - Level 2.6 Stealth
 + Level 3.1 Spellcasting
 + Level 2.3 Conjurations
 + Level 3.9 Fire Magic


You had 8 spell levels left.
You knew the following spells:

 Your Spells              Type           Power        Failure   Level  Hunger
a - Flame Tongue          Conj/Fire      ##...        4%          1    None


Dungeon Overview and Level Annotations

Branches:
Dungeon (3/15)

Altars:

Annotations:
D:3 Lexie's ghost, amateur OpFE


Innate Abilities, Weirdness & Mutations

You cannot wear most types of armour.
You are very stealthy in the water. (Stealth+)
You are amphibious.
You can wear up to eight rings at the same time.
You can use your tentacles to constrict eight enemies at once.
Your skin changes colour to match your surroundings (Stealth+).
Your rubbery body absorbs attacks. (AC +1, EV +1)


Message History

Confirm with . or Enter, or press ? or * to list all spells.
Aiming: Flame Tongue
Press: ? - help, Shift-Dir - straight line, f/p - Lexie's ghost
Aim: Lexie's ghost (moderately damaged)
The flame tongue hits Lexie's ghost.
Lexie's ghost appears unharmed.
Lexie's ghost is moderately damaged.
Lexie's ghost stares at you and mumbles some strange words.
The puff of flame hits you!
Ouch! That really hurt!
Casting: Flame Tongue
Confirm with . or Enter, or press ? or * to list all spells.
Aiming: Flame Tongue
Press: ? - help, Shift-Dir - straight line, f/p - Lexie's ghost
Aim: Lexie's ghost (moderately damaged)
The flame tongue hits Lexie's ghost.
Lexie's ghost is moderately damaged.
Lexie's ghost stares at you and mumbles some strange words.
The puff of flame hits you!
Ouch! That really hurt!
You die...

#.......# #.### #.......#
#.#### #.......# #....#
#.......# ####.# #.......#
#.# ##.....##### #.#
######..........# #.#
#...........###W# #.#
.#.....)....####@###.#
.#..####.............#
......##.####.##.##..#####
##..#.....................#
.#.......#.......##..##.##.
.##.........#.#####..# #
)#######....#.#####..# .##
#.............. ..##
##...#######..##


You could see Lexie's ghost.

Vanquished Creatures
  4 adders
  An ooze (D:3)
  2 dart slugs
  7 bats
  A giant cockroach (D:2)
  9 hobgoblins
  3 jackals (D:2)
  4 kobolds
  2 quokkas (D:2)
  4 frilled lizards
  8 goblins
  10 rats
55 creatures vanquished.

Notes
Turn   | Place    | Note
-------+----------+-------------------------------------------
     0 | D:1      | Naow the Octopode Fire Elementalist began the quest for the Orb.
     0 | D:1      | Reached XP level 1. HP: 11/11 MP: 3/3
   261 | D:1      | Reached XP level 2. HP: 17/17 MP: 0/5
   870 | D:2      | Reached XP level 3. HP: 16/21 MP: 1/6
  1536 | D:2      | Reached XP level 4. HP: 27/27 MP: 5/8
  1765 | D:2      | Found a faded altar of an unknown god.
  2375 | D:3      | Noticed Lexie's ghost (amateur OpFE)
  2391 | D:3      | Killed from afar by Lexie's ghost

Vault maps used:
D:1:      dpeg_arrival_rooms_b, serial_bayou_pond_b
D:2:      first_bread, chequers_ecumenical_altar_simple_redux
D:3:      minivault_23

Skill      XL: |  1  2  3  4 |
---------------+-------------+-----
Conjurations   | 2 |  2.3
Spellcasting   | 3 |  3.1
Dodging        | |  2.0
Stealth        | |  2.6
Fire Magic     | |  3.9

Action                   |  1- 3 |  4- 6 || total
-------------------------+-------+-------++-------
Melee: Dagger            |     7 |       ||     7
       Constrict         |     3 |       ||     3
       Tentacles         |     1 |       ||     1
 Cast: Flame Tongue      |    53 |    32 ||    85
  Eat: Chunk             |     2 |     3 ||     5
Armor: Skin              |     2 |     1 ||     3
Dodge: Dodged            |    15 |    11 ||    26
